 Dungeon Crawl Stone Soup version 0.25-a0-464-g3004169c2b (webtiles) character file.

Game seed: 16829886780113275011, levelgen mode: deterministic

68065 Gargoyl the Cleaver (level 14, -27/131 (133) HPs)
             Began as a Centaur Abyssal Knight on Feb 4, 2020.
             Was the Champion of Lugonu.
             Annihilated by a stone giant simulacrum (60 damage)
             ... on level 1 of the Abyss on Feb 5, 2020.
             The game lasted 00:33:44 (21928 turns).

Gargoyl the Cleaver (Centaur Abyssal Knight)       Turns: 21928, Time: 00:33:45

HP:   -27/131 (133) AC: 26    Str: 23    XL:     14   Next: 85%
MP:   23/23         EV:  8    Int: 11    God:    Lugonu [******]
Gold: 1451          SH:  6    Dex: 12    Spells: 13/13 levels left

rFire    + . .     SeeInvis .   a - +8 hand axe (drain)
rCold    x . .     Gourm    .   w - +1 buckler {reflect}
rNeg     + . .     Faith    .   G - +3 chain mail {rN+}
rPois    +         Spirit   .   B - +0 helmet
rElec    .         Reflect  +   P - +1 cloak
rCorr    .         Harm     .   n - +0 pair of gloves
MR       ++...                  E - +1 centaur barding
Stlth    ..........             I - amulet of regeneration
HPRegen  0.71/turn              Q - ring of Qytepter {Fire rPois Str+4 Slay+3}
MPRegen  0.18/turn              R - ring of protection from magic

@: studying Bows, very quick
A: large, hooves 3, deformed body, speed 2, robust 1, strong 1, tough skin 3
a: Depart the Abyss, Bend Space, Banish, Corrupt, Enter the Abyss, Brand Weapon
With Distortion, Renounce Religion


You were on level 1 of the Abyss.
You worshipped Lugonu.
Lugonu was exalted by your worship.
You were not hungry.

You visited 2 branches of the dungeon, and saw 19 of its levels.
You visited the Abyss 2 times.
You also visited: Sewer and Ice Cave.

You collected 1723 gold pieces.
You spent 272 gold pieces at shops.

Inventory:

Hand Weapons
 a - a +8 hand axe of draining (weapon)
 s - the +5 war axe of Skirmishing {flame, +Blink rC++ MP-9}
   (You bought it in a shop on level 4 of the Dungeon)

   It has been specially enchanted to burn those struck by it, causing extra
   injury to most foes and up to half again as much damage against particularly
   susceptible opponents.
   Big, fiery blades are also staple armaments of hydra-hunters.
   It greatly protects you from cold.
   It affects your magic capacity (-9).
   It lets you blink.
 u - a +1 war axe of venom
Missiles
 j - 8 javelins (quivered)
 r - 21 boomerangs
 M - 6 silver javelins
Armour
 n - a +0 pair of gloves (worn)
 w - a +1 buckler of reflection (worn)
 B - a +0 helmet (worn)
 E - a +1 centaur barding (worn)
 G - a +3 chain mail of positive energy (worn)
 P - a +1 cloak (worn)
Jewellery
 I - an amulet of regeneration (around neck)
 Q - the ring of Qytepter (left hand) {Fire rPois Str+4 Slay+3}
   (You found it in an ice cave)

   [ring of fire]

   It enhances your fire magic.
   It affects your strength (+4).
   It affects your accuracy and damage with ranged weapons and melee attacks
   (+3).
   It protects you from fire.
   It makes you vulnerable to cold.
   It protects you from poison.
 R - a ring of protection from magic (right hand)
Wands
 k - a wand of polymorph (16)
 x - a wand of disintegration (21)
 D - a wand of random effects (30)
 F - a wand of clouds (6)
 J - a wand of paralysis (6)
 K - a wand of enslavement (15)
 S - a wand of flame (24)
Scrolls
 h - 8 scrolls of identify
 i - 15 scrolls of remove curse
 z - 5 scrolls of magic mapping
 A - 4 scrolls of fear
 C - 10 scrolls of teleportation
 H - 3 scrolls of fog
 L - a scroll of brand weapon
 N - a scroll of blinking
Potions
 b - 3 potions of brilliance
 d - a potion of invisibility {unknown}
 e - 11 potions of curing
 f - 3 potions of cancellation
 g - 4 potions of ambrosia
 l - 3 potions of might
 m - 2 potions of berserk rage
 o - 4 potions of magic
 p - 7 potions of heal wounds
 q - 5 potions of agility
 t - 3 potions of flight
 v - 2 potions of haste
 O - a potion of resistance {unknown}
Books
 y - a manual of Bows
Comestibles
 c - 45 rations


   Skills:
 + Level 10.1 Fighting
 + Level 12.7 Axes
 + Level 1.1 Throwing
 * Level 10.5 Armour
 * Level 8.0 Dodging
 + Level 4.0 Shields
 * Level 12.0 Invocations


You had 13 spell levels left.
You didn't know any spells.
Your spell library contained the following spells:

 Spells                   Type           Power        Failure   Level  Hunger
 Infusion                 Chrm           #...         89%         1    ##.....
 Magic Dart               Conj           #...         89%         1    ##.....
 Searing Ray              Conj           #.....       96%         2    ###....
 Shroud of Golubria       Chrm/Tloc      #.....       96%         2    ###....
 Song of Slaying          Chrm           #.......     96%         2    ###....
 Confusing Touch          Hex            #.......     99%         3    ####...
 Dazzling Flash           Conj/Hex       #.....       99%         3    ####...
 Gell's Gravitas          Tloc           #.........   99%         3    ####...
 Ozocubu's Armour         Chrm/Ice       #.......     99%         3    ####...
 Spectral Weapon          Hex/Chrm       #.......     99%         3    ####...
 Static Discharge         Conj/Air       #.......     99%         3    ####...
 Fulminant Prism          Conj/Hex       #.........   100%        4    #####..
 Ice Form                 Ice/Tmut       #.......     100%        4    #####..
 Iskenderun's Mystic Bla  Conj/Tloc      #.......     100%        4    #####..
 Petrify                  Tmut/Erth      #.......     100%        4    #####..
 Lightning Bolt           Conj/Air       #.........   100%        5    ######.
 Metabolic Englaciation   Hex/Ice        #.........   100%        5    ######.
 Yara's Violent Unravell  Hex/Tmut       #.........   100%        5    ######.
 Freezing Cloud           Conj/Ice/Air   #.........   100%        6    #######
 Ozocubu's Refrigeration  Ice            #.........   100%        6    #######
 Simulacrum               Ice/Necr       #.........   100%        6    #######
 Ignition                 Fire           #.........   100%        8    #######
 Shatter                  Erth           #.........   100%        9    #######
 Tornado                  Air            #.........   100%        9    #######


Dungeon Overview and Level Annotations

Branches:
Dungeon (13/15)            Temple (0/1) D:7            Lair (6/6) D:10
  Swamp (0/4) Lair:4        Snake (0/4) Lair:4        Slime (0/5) Lair:5
    Orc (0/2) D:11         Vaults (0/5) D:13          Sewer (visited)
  IceCv (visited)

Altars:
Hepliaklqana
Nemelex Xobeh
Trog
Uskayaw
Wu Jian
The Shining One

Shops:
D:4 (   D:5 }   D:6 *   D:8 }

Annotations:
D:8 Grum
Lair:5 exclusion: oklob plant
Lair:6 exclusion: ice statue


Innate Abilities, Weirdness & Mutations

You have hooves in place of feet.
Armour fits poorly on your strangely shaped body.
You cover ground very quickly.
You have extremely tough skin. (AC +3)
You are robust. (+10% HP)
Your muscles are strong. (Str +2)


Message History

This branch contains the abyssal rune of Zot.
You feel quite a bit more hungry.
Unknown command.
You start resting.
Eating a chunk of flesh.
You eat the chunk of flesh.
This raw flesh tastes terrible.
Magic restored.
A stone giant simulacrum comes into view.
Found 17 stones.
You see here 17 stones.
There is an open door here.
You slash the stone giant simulacrum!
The stone giant simulacrum is moderately damaged.
You slash the stone giant simulacrum!
The stone giant simulacrum is moderately damaged.
The stone giant simulacrum hits you!!
* * * LOW HITPOINT WARNING * * *
The stone giant simulacrum freezes you!!!
You feel a terrible chill!
You die...

..#.. #. . #.
#.# #.. ..## .
#.####...# ..
.. #...(...##.
#.. #..##...
..# ..#.#
.......#
...##..#Z#.##.#
#...
.8.#@#.8Z.#
..#.#.. ###...#
#. #.........
#. ##.......##
. ##.....##
#.#....#
####.### ##.# .


You could see a stone giant simulacrum.

Vanquished Creatures
  A fire giant (D:13)
  Snorg (Lair:5)
  An ettin (D:13)
  A fire dragon (Lair:6)
  Josephine (Lair:5)
  An ice dragon (Lair:6)
  12 vault guards (D:13)
  6 hydras
  6 two-headed ogres
  Urug (Lair:2)
  2 unseen horrors
  A lindwurm (Lair:6)
  5 ugly things
  A manticore (D:11)
  2 cyclopes
  Joseph (D:8)
  7 black mambas
  3 ice statues (IceCv)
  Psyche (D:10)
  5 torpor snails (Lair:6)
  Maggie (D:9)
  A gargoyle (D:11)
  13 spiny frogs
  2 rime drakes (D:11)
  6 komodo dragons
  A queen bee (Lair:3)
  3 trolls
  5 polar bears
  3 meliai (D:13)
  5 tyrant leeches
  8 hornets
  3 slime creatures (D:13)
  7 hippogriffs
  9 dream sheep
  A spriggan (Lair:5)
  24 yaks
  6 wraiths
  A basilisk (Lair:1)
  A hungry ghost (D:9)
  A wyvern (Lair:3)
  A steam dragon (D:11)
  17 water moccasins
  A swamp worm (Lair:4)
  7 porcupines
  17 ice beasts
  A sky beast (D:13)
  2 black bears
  7 orc warriors
  A phantom (D:6)
  6 ogres
  3 necrophages
  26 wolves
  6 centaurs
  7 big kobolds
  19 crocodiles
  2 gnoll sergeants (D:11)
  12 bullfrogs
  2 wyvern zombies
  6 scorpions
  23 killer bees (Lair:3)
  9 wights
  An electric eel (D:11)
  2 howler monkeys
  6 crimson imps
  6 bullfrog zombies
  A centaur zombie (D:7)
  6 hounds
  6 orc priests
  2 centaur skeletons
  4 jellies
  11 orc wizards
  A bullfrog skeleton (D:5)
  5 iguanas
  9 worker ants
  A killer bee zombie (D:5)
  A bullfrog simulacrum (D:11)
  A hound zombie (D:8)
  2 hound skeletons
  A worker ant zombie (D:11)
  12 gnolls
  15 adders
  8 river rats
  2 hound simulacra (D:11)
  A shadow imp (D:6)
  4 white imps
  3 oozes (Lair:5)
  2 adder skeletons
  4 worms
  3 dart slugs
  4 leopard geckos
  53 orcs
  6 ball pythons
  6 bats
  8 giant cockroaches
  8 goblins
  7 hobgoblins
  10 jackals
  26 kobolds
  5 quokkas
  4 frilled lizards
  A jackal zombie (D:6)
  A leopard gecko skeleton (D:4)
  A leopard gecko zombie (D:5)
  22 rats
  A fungus (Lair:6)
  2 plants (Lair:6)
620 creatures vanquished.

Vanquished Creatures (others)
  4 molten gargoyles (D:10)
  A polar bear (Lair:6)
  A fungus (Lair:4)
  11 plants
17 creatures vanquished.

Grand Total: 637 creatures vanquished

Notes
Turn   | Place    | Note
-------+----------+-------------------------------------------
     0 | Abyss:1  | Gargoyl the Centaur Abyssal Knight began the quest for the
                  | Orb.
     0 | Abyss:1  | Reached XP level 1. HP: 19/19 MP: 2/2
    45 | Abyss:1  | Noticed a large abomination
    45 | Abyss:1  | Noticed a smoke demon
    48 | D:1      | Escaped the Abyss
   475 | D:1      | Reached * piety under Lugonu
   475 | D:1      | Reached XP level 2. HP: 26/26 MP: 3/3
  1074 | D:2      | Found a sparkling altar of Nemelex Xobeh.
  1104 | D:2      | Reached skill level 1 in Dodging
  1104 | D:2      | Reached XP level 3. HP: 28/31 MP: 4/4
  2026 | D:3      | Reached XP level 4. HP: 29/38 MP: 5/5
  2316 | D:3      | Found a bloodstained altar of Trog.
  2316 | D:3      | Found an ornate altar of the Wu Jian Council.
  3038 | D:4      | Reached XP level 5. HP: 27/45 MP: 6/6
  3577 | D:4      | Reached ** piety under Lugonu
  3643 | D:4      | Found Orphy's Antique Weapon Shoppe.
  3651 | D:4      | Bought an encrusted war axe for 272 gold pieces
  3651 | D:4      | Identified the +5 war axe of Skirmishing {flame, +Blink
                  | rC++ MP-9} (You bought it in a shop on level 4 of the
                  | Dungeon)
  3830 | D:5      | Entered Level 5 of the Dungeon
  3897 | D:5      | Reached XP level 6. HP: 52/52 MP: 0/8
  4241 | D:5      | Noticed an ice beast
  4250 | D:5      | Killed an ice beast
  4352 | D:5      | Reached XP level 7. HP: 45/59 MP: 0/9
  4569 | D:5      | Found Vufis's Gadget Boutique.
  4647 | D:5      | Found a glowing golden altar of the Shining One.
  5111 | D:6      | Found Verphani's Assorted Antiques.
  5369 | D:6      | Reached XP level 8. HP: 38/67 MP: 2/11
  5555 | D:6      | Found a glowing drain.
  5568 | Sewer    | Entered a sewer
  5586 | Sewer    | Reached *** piety under Lugonu
  5916 | Sewer    | Reached skill level 5 in Axes
  5995 | Sewer    | Reached **** piety under Lugonu
  6427 | D:6      | Reached skill level 1 in Shields
  6629 | D:6      | Reached skill level 5 in Invocations
  6992 | D:7      | Reached skill level 5 in Fighting
  7168 | D:7      | Reached XP level 9. HP: 66/74 MP: 8/12
  7430 | D:7      | Found a staircase to the Ecumenical Temple.
  7479 | D:7      | Reached skill level 5 in Armour
  7657 | D:8      | Found Xupnynaf's Gadget Boutique.
  7833 | D:8      | Reached ***** piety under Lugonu
  7842 | D:8      | Noticed Grum
  8007 | D:8      | Noticed Joseph
  8033 | D:8      | Killed Joseph
  8489 | D:8      | Found a hazy altar of Hepliaklqana.
  8746 | D:9      | Reached XP level 10. HP: 80/83 MP: 14/14
  9120 | D:9      | Noticed Maggie
  9130 | D:9      | Killed Maggie
  9130 | D:9      | Reached skill level 1 in Throwing
  9355 | D:10     | Entered Level 10 of the Dungeon
  9356 | D:10     | Noticed a molten gargoyle
  9363 | D:10     | Banished a molten gargoyle
  9483 | D:10     | Noticed Psyche
  9490 | D:10     | Paralysed by Psyche for 2 turns
  9493 | D:10     | Killed Psyche
  9609 | D:10     | Noticed a molten gargoyle
  9610 | D:10     | Noticed a molten gargoyle
  9837 | D:10     | Banished a molten gargoyle
  9842 | D:10     | Banished a molten gargoyle
  9972 | D:10     | Noticed a molten gargoyle
 10008 | D:10     | Banished a molten gargoyle
 10060 | D:10     | Found a staircase to the Lair.
 10633 | D:10     | Noticed a three-headed hydra
 10639 | D:10     | Killed a one-headed hydra
 10639 | D:10     | Reached XP level 11. HP: 81/91 MP: 6/17
 10740 | D:10     | Killed an unseen horror
 10740 | D:10     | Reached skill level 5 in Dodging
 10802 | D:10     | Noticed a two-headed ogre
 11145 | D:9      | Killed a two-headed ogre
 11561 | D:10     | Noticed a two-headed ogre
 11570 | D:10     | Killed a two-headed ogre
 11923 | Lair:1   | Entered Level 1 of the Lair of Beasts
 13644 | Lair:2   | Got a steaming bone amulet
 13649 | Lair:2   | Identified the amulet of Xoulimm {Inacc +Blink Dex-4
                  | Stlth+} (You found it on level 2 of the Lair of Beasts)
 13736 | Lair:2   | Noticed a six-headed hydra
 13748 | Lair:2   | Killed a one-headed hydra
 13748 | Lair:2   | Reached XP level 12. HP: 56/101 MP: 8/19
 13995 | Lair:2   | Noticed Urug
 14024 | Lair:2   | Killed Urug
 14320 | Lair:3   | Noticed a four-headed hydra
 14329 | Lair:3   | Killed a one-headed hydra
 14556 | Lair:3   | Reached skill level 10 in Axes
 15407 | Lair:4   | Found a staircase to the Snake Pit.
 15413 | Lair:4   | Reached skill level 10 in Invocations
 15473 | Lair:4   | Reached ****** piety under Lugonu
 15657 | Lair:4   | Found a staircase to the Swamp.
 15819 | Lair:4   | You fall into a shaft and drop 2 floors!
 15819 | Lair:6   | Entered Level 6 of the Lair of Beasts
 15834 | Lair:5   | Noticed a six-headed hydra
 15852 | Lair:5   | Killed a one-headed hydra
 15891 | Lair:4   | Noticed a four-headed hydra
 15903 | Lair:4   | Killed a one-headed hydra
 15903 | Lair:4   | Reached XP level 13. HP: 58/108 MP: 11/20
 16785 | Lair:5   | Noticed Snorg
 16798 | Lair:5   | Killed Snorg
 16841 | Lair:5   | Noticed Josephine
 16932 | Lair:5   | Killed Josephine
 17137 | Lair:5   | Found a staircase to the Slime Pits.
 17858 | Lair:6   | Found a hide-covered altar of Uskayaw.
 18352 | Lair:6   | Found a runed translucent door.
 18352 | Lair:6   | Noticed a fire dragon
 18395 | Lair:6   | Paralysed by a hornet for 1 turns
 18470 | Lair:6   | Paralysed by a hornet for 1 turns
 18489 | Lair:6   | Paralysed by a hornet for 1 turns
 18807 | Lair:6   | Gained mutation: Your muscles are strong. (Str +2) [potion
                  | of mutation]
 18807 | Lair:6   | Gained mutation: You are robust. (+10% HP) [potion of
                  | mutation]
 18870 | Lair:6   | Killed a fire dragon
 19212 | D:11     | Identified the +3 ring mail of Nerufolett {Int+6}
 19402 | D:11     | Found a staircase to the Orcish Mines.
 19413 | D:11     | Reached XP level 14. HP: 128/128 MP: 22/22
 19634 | D:11     | Found a frozen archway.
 19727 | IceCv    | Entered an ice cave
 20123 | IceCv    | Got a crude platinum ring
 20159 | D:11     | Identified the ring of Qytepter {Fire rPois Str+4 Slay+3}
                  | (You found it in an ice cave)
 20418 | D:12     | Reached skill level 10 in Armour
 20894 | D:13     | Found a gate to the Vaults.
 21482 | D:13     | Noticed a storm dragon
 21482 | D:13     | Noticed a fire giant
 21483 | D:13     | Found the +0 sword of Power
 21486 | D:13     | Noticed a fire giant
 21539 | D:13     | Reached skill level 10 in Fighting
 21735 | D:13     | Killed a fire giant
 21928 | Abyss:1  | Annihilated by a stone giant simulacrum

Levels and vault maps discovered:
D:1:      psy_arrival_fountain, layout_basic
D:2:      layout_loops_ring, overflow_temple_1_default,
          kennysheep_big_empty_room
D:3:      layout_loops_corners, gammafunk_temple_overflow_elements, first_ration
D:4:      layout_basic, serial_shops, nicolae_shop_waterfront
D:5:      minmay_bubble_buster, layout_loops_ring, serial_shops, shop,
          basic_altar
D:6:      layout_gridville, serial_shops, shop, portal_sewer_entry_a,
          minmay_manual_macuahuitl
D:7:      layout_basic, minmay_temple_entry_arrows
D:8:      layout_gridville, nicolae_overflow_hidden_temple, serial_shops, shop,
          due_unseen_surprise, uniq_joseph, uniq_grum
D:9:      layout_loops_ring, uniq_maggie
D:10:     layout_cave_pods, lair_entry_dummy, minmay_misc_feat_roman,
          hangedman_ranch [blue_anna_fruit_fields], minivault_8, uniq_psyche
D:11:     layout_basic, kennysheep_orc_monster_closet_entryway, serial_ice,
          serial_ice_l, serial_ice_d, serial_ice_e, serial_ice_b,
          portal_ice_cave_entry_animals_and_master
D:12:     layout_rooms, interstate_on_off
D:13:     minmay_guarded_unrand_sword_of_power, layout_loops_ring,
          lightli_vaults_fourway_checkpoint, kennysheep_generic_room_2
Lair:1:   layout_chaotic_city, chequers_serial_rivers_small_3,
          chequers_serial_rivers_micro_c, chequers_serial_rivers_micro_d
Lair:2:   layout_hall_layers, uniq_urug
Lair:3:   layout_small_grid, special_room [special_room_bee], grunt_megastairs_2
Lair:4:   layout_hall_layers, minmay_swamp_entry_worms,
          minmay_snake_entry_six_corridors, st_stairs_3, grunt_megastairs_3,
          infiniplex_staircase_pool
Lair:5:   layout_big_grid, nicolae_slime_entry_slimehenge,
          gauntlet_entry_generic, grunt_forest_large_clearing_hut,
          uniq_josephine, uniq_snorg
Lair:6:   wormcave, layout_loops_ring, basic_altar, ice2_lemuel
Abyss:1:  base:
D:8

Skill      XL: |  1  2  3  4  5  6  7  8  9 10 11 12 13 14 |
---------------+-------------------------------------------+-----
Axes           | 2 3 4 6 7 8 9 10 11 12 | 12.7
Dodging        | 1 2 3 4 5 6 7 8 |  8.0
Armour         | 2 3 4 5 6 7 8 9 10 | 10.5
Invocations    | 3 4 5 6 8 9 10 11 12 | 12.0
Fighting       | 4 5 6 7 8 9 10 | 10.1
Shields        | 1 2 3 4 |  4.0
Throwing       | 1 |  1.1

Action                   |  1- 3 |  4- 6 |  7- 9 | 10-12 | 13-15 || total
-------------------------+-------+-------+-------+-------+-------++-------
Melee: Hand axe          |   108 |    70 |   163 |   595 |   901 ||  1837
       Kick              |    16 |    20 |    71 |   187 |   356 ||   650
       War axe           |       |    51 |   162 |    32 |    73 ||   318
Throw: Javelin           |       |       |     6 |     1 |     1 ||     8
Invok: Depart the Abyss  |     1 |       |       |       |       ||     1
       Banish            |       |       |       |     4 |       ||     4
       Enter the Abyss   |       |       |       |       |     1 ||     1
  Use: Scroll            |     3 |     4 |    17 |     9 |     2 ||    35
       Potion            |     2 |       |     1 |     2 |     4 ||     9
  Eat: Chunk             |     2 |     6 |    12 |    20 |    19 ||    59
       Ration            |       |       |       |     1 |       ||     1
Armor: Chain mail        |    86 |    84 |   234 |   426 |   567 ||  1397
Dodge: Dodged            |    29 |    22 |    68 |   209 |   338 ||   666
Block: Buckler           |     3 |    17 |    61 |   148 |   198 ||   427
       Reflection        |       |       |     3 |       |     5 ||     8

Table legend:
 A = Non-vault XP
 B = Vault XP
 C = Vault XP percentage of total XP
 D = Non-vault monster count
 E = Vault monster count
 F = Vault count percentage of total count
                 A         B        C        D         E       F
            +---------+---------+-------+---------+---------+-------
      Total |   48671 |   48566 |  49.9 |     378 |     244 |  39.2
            +---------+---------+-------+---------+---------+-------
        D:1 |      17 |       0 |   0.0 |      10 |       0 |   0.0
        D:2 |      62 |       0 |   0.0 |      26 |       0 |   0.0
        D:3 |      40 |       0 |   0.0 |      18 |       0 |   0.0
        D:4 |     220 |       0 |   0.0 |      13 |       0 |   0.0
        D:5 |     301 |     431 |  58.9 |      11 |      11 |  50.0
        D:6 |     746 |     249 |  25.0 |      22 |      11 |  33.3
        D:7 |    1018 |       0 |   0.0 |      27 |       0 |   0.0
        D:8 |    1620 |     460 |  22.1 |      19 |       1 |   5.0
        D:9 |    2040 |     418 |  17.0 |      17 |       1 |   5.6
       D:10 |    4395 |    3505 |  44.4 |      29 |      13 |  31.0
       D:11 |    4341 |    3830 |  46.9 |      32 |      34 |  51.5
       D:12 |    3321 |       0 |   0.0 |      17 |       0 |   0.0
       D:13 |    6226 |   16253 |  72.3 |      34 |      24 |  41.4
     Lair:1 |    4553 |       0 |   0.0 |      23 |       0 |   0.0
     Lair:2 |    4027 |     851 |  17.4 |      14 |       1 |   6.7
     Lair:3 |    3554 |    1875 |  34.5 |      15 |      25 |  62.5
     Lair:4 |    3256 |    3101 |  48.8 |      15 |      20 |  57.1
     Lair:5 |    5032 |    4801 |  48.8 |      19 |      15 |  44.1
     Lair:6 |    3902 |    9257 |  70.3 |      17 |      29 |  63.0
      Sewer |       0 |     299 | 100.0 |       0 |      48 | 100.0
      IceCv |       0 |    3236 | 100.0 |       0 |      11 | 100.0
            +---------+---------+-------+---------+---------+-------
